 Dungeon Crawl Stone Soup version 0.26.1-11-gd32895ea62 (webtiles) character file.

Game seed: 13866305280932652415

10636 Eitelfritz the Carver (level 11, -13/90 (97) HPs)
             Began as a Minotaur Gladiator on Apr 16, 2021.
             Was an Elder of Okawaru.
             Mangled by a cyan ugly thing (17 damage)
             ... on level 12 of the Dungeon.
             The game lasted 00:29:41 (13168 turns).

Eitelfritz the Carver (Minotaur Gladiator)         Turns: 13168, Time: 00:29:42

HP:   -13/90 (97)   AC: 10    Str: 20    XL:     11   Next: 38%
MP:   13/13         EV: 15    Int:  7    God:    Okawaru [****..]
Gold: 416           SH:  5    Dex: 12    Spells: 10/10 levels left

rFire    + . .     SeeInvis +   a - +0 scimitar
rCold    . . .     Faith    .   (no shield)
rNeg     . . .     Spirit   .   D - +0 troll leather armour
rPois    .         Reflect  +   A - +1 hat
rElec    .         Harm     .   f - +0 cloak
rCorr    .         Rampage  .   g - +0 pair of gloves
Will     .....                  v - +0 pair of boots
Stlth    +++.......             I - amulet of Ephemeral Luck {Reflect SH+5 SInv}
HPRegen  0.65/turn              E - ring of stealth
MPRegen  0.13/turn              J - ring of protection from fire

@: about to teleport, drained
A: retaliatory headbutt, horns 2
a: Renounce Religion, Heroism


You were on level 12 of the Dungeon.
You worshipped Okawaru.
Okawaru was greatly pleased with you.
You visited 2 branches of the dungeon, and saw 13 of its levels.

You collected 779 gold pieces.
You spent 363 gold pieces at shops.

Inventory:

Hand Weapons
 a - a +0 scimitar (weapon)
 b - a +0 shortbow
 r - a +1 morningstar of draining
Missiles
 d - 10 curare-tipped darts
 h - 7 atropa-tipped darts
 s - 191 arrows
 F - 20 poisoned darts
 N - a throwing net (quivered)
Armour
 f - a +0 cloak (worn)
 g - a +0 pair of gloves (worn)
 v - a +0 pair of boots (worn)
 A - a +1 hat (worn)
 D - a +0 troll leather armour (worn)
Jewellery
 c - an uncursed ring of see invisible
 m - an uncursed ring of magical power
 E - a ring of stealth (left hand)
 I - the amulet of Ephemeral Luck (around neck) {Reflect SH+5 SInv}
   (You took it off an orc on level 10 of the Dungeon)

   [amulet of reflection]

   It shields you and reflects attacks.
   It lets you see invisible.
   It affects your SH (+5).
 J - a ring of protection from fire (right hand)
Wands
 o - a wand of flame (9)
 C - a wand of acid (14)
 H - a wand of random effects (14)
 K - a wand of iceblast (8)
Scrolls
 e - 4 scrolls of amnesia
 i - a scroll of fog
 l - a scroll of magic mapping
 u - 5 scrolls of remove curse
 w - a scroll of identify
 y - 3 scrolls of fear
 B - a scroll of teleportation
 L - a scroll of silence {unknown}
Potions
 j - 3 potions of mutation
 k - 4 potions of curing
 n - 3 potions of heal wounds
 p - a potion of berserk rage
 q - 3 potions of haste
 t - a potion of might {unknown}
 x - 4 potions of flight
 z - a potion of attraction {unknown}
 G - a potion of ambrosia {unknown}
 M - a potion of lignification {unknown}


   Skills:
 + Level 9.4 Fighting
 + Level 12.9 Long Blades
 + Level 5.7 Bows
 + Level 2.1 Throwing
 + Level 8.7 Armour
 + Level 6.9 Dodging
 + Level 2.7 Stealth
 + Level 1.0 Shields
 * Level 5.2 Invocations


You had 10 spell levels left.
You didn't know any spells.
Your spell library contained the following spells:

 Spells                   Type           Power        Failure   Level
 Animate Skeleton         Necr           0%           47%         1
 Apportation              Tloc           0%           47%         1
 Beastly Appendage        Tmut           0%           47%         1
 Corona                   Hex            0%           47%         1
 Summon Small Mammal      Summ           0%           47%         1
 Ensorcelled Hibernation  Hex/Ice        0%           63%         2
 Wereblood                Tmut           0%           63%         2
 Confusing Touch          Hex            0%           85%         3
 Dazzling Flash           Conj/Hex       0%           85%         3
 Gell's Gravitas          Tloc           0%           85%         3
 Spider Form              Tmut/Pois      0%           85%         3
 Tukima's Dance           Hex            0%           85%         3
 Ice Form                 Ice/Tmut       0%           99%         4
 Petrify                  Tmut/Erth      0%           99%         4
 Blade Hands              Tmut           0%           100%        5
 Metabolic Englaciation   Hex/Ice        0%           100%        5
 Yara's Violent Unravell  Hex/Tmut       0%           100%        5


Dungeon Overview and Level Annotations

Branches:
Dungeon (12/15)            Temple (1/1) D:7            Lair (0/6) D:9
    Orc (0/2) D:11

Altars:
Ashenzari
Cheibriados
Dithmenos
Elyvilon
Fedhas
Gozag
Hepliaklqana
Kikubaaqudgha
Makhleb
Nemelex Xobeh
Okawaru
Qazlal
Ru
Sif Muna
Trog
Uskayaw
Vehumet
Wu Jian
Xom
Yredelemnul
Zin
The Shining One

Shops:
D:4 }   D:10 *

Annotations:
D:10 3 runed translucent doors, exclusion: orange crystal statue


Innate Abilities, Weirdness & Mutations

You reflexively headbutt those who attack you in melee.
You have a pair of horns on your head.


Message History

You hit the cyan ugly thing.
The cyan ugly thing is moderately wounded.
The cyan ugly thing gores you! The cyan ugly thing shocks you!
You hit the cyan ugly thing.
You headbutt the cyan ugly thing, but do no damage.
The cyan ugly thing is moderately wounded.
The cyan ugly thing gores you. The cyan ugly thing shocks you!
* * * LOW HITPOINT WARNING * * *
You hit the cyan ugly thing but do no damage.
Your headbutt misses the cyan ugly thing.
The cyan ugly thing is moderately wounded.
The cyan ugly thing gores you.
* * * LOW HITPOINT WARNING * * *
The cyan ugly thing shocks you!
* * * LOW HITPOINT WARNING * * *
As you read the scroll of teleportation, it crumbles to dust.
You feel strangely unstable. The cyan ugly thing gores you.
* * * LOW HITPOINT WARNING * * *
The cyan ugly thing shocks you!
You die...

### ###.### ##.....##
###.......## ...
######...##.....### ..#
#........###.u@...## #.# ###
.[........###......## #.###..#
........u.# ##......####.#.....
...........# ###......#........
............. ##..............
.#............. ##.............
..................#....#.......
..#....................#.......
##..................##.......


You could see a cyan ugly thing.

Vanquished Creatures
  Erolcha (D:9)
  A two-headed ogre (D:8)
  Sonja (D:11)
  An unseen horror (D:11)
  A wolf spider zombie (D:10)
  Pikel (D:4)
  A manticore (D:11)
  A centaur skeleton (D:12)
  A gargoyle (D:11)
  A troll (D:10)
  3 wraiths
  A shadow (D:6)
  2 yaks (D:8)
  A wyvern (D:8)
  A water moccasin (D:9)
  3 black bears
  The ghost of coolplayer1 the Chopper, an amateur TrBe of Trog (D:8)
  An ice beast (D:5)
  5 orc warriors
  2 sky beasts (D:5)
  2 phantoms
  5 centaurs
  2 eyes of draining (D:9)
  6 ogres
  2 lemures (D:4)
  A big kobold (D:11)
  Blork the orc (D:4)
  8 bullfrogs
  A water moccasin zombie (D:7)
  3 scorpions
  5 killer bees
  2 howler monkeys (D:8)
  A bullfrog zombie (D:7)
  A centaur zombie (D:11)
  3 hounds
  4 jellies
  7 orc priests
  A bullfrog skeleton (D:11)
  2 iguanas
  8 orc wizards
  9 worker ants
  3 hound skeletons
  Robin (D:4)
  6 gnolls
  13 adders
  2 shadow imps
  A white imp (D:7)
  4 ufetubi
  An ooze (D:1)
  3 adder zombies
  3 dart slugs
  7 leopard geckos
  34 orcs
  4 ball pythons
  5 giant cockroaches
  13 goblins
  18 hobgoblins
  12 jackals
  3 quokkas
  9 bats
  5 frilled lizards
  15 kobolds
  A quokka skeleton (D:10)
  8 rats
275 creatures vanquished.

Vanquished Creatures (others)
  19 fungi (D:9)
  22 plants (D:9)
41 creatures vanquished.

Grand Total: 316 creatures vanquished

Notes
Turn   | Place    | Note
-------+----------+-------------------------------------------
     0 | D:1      | Eitelfritz the Minotaur Gladiator began the quest for the
                  | Orb.
     0 | D:1      | Reached XP level 1. HP: 18/18 MP: 0/0
   323 | D:1      | Reached XP level 2. HP: 9/25 MP: 1/1
   682 | D:1      | Reached skill level 4 in Long Blades
   934 | D:1      | Reached XP level 3. HP: 19/30 MP: 2/2
  1380 | D:2      | Reached XP level 4. HP: 31/37 MP: 3/3
  1381 | D:2      | Reached skill level 1 in Armour
  1632 | D:2      | Found a bloodstained altar of Trog.
  1644 | D:2      | Reached skill level 1 in Stealth
  2255 | D:3      | Reached skill level 5 in Long Blades
  2379 | D:3      | Reached XP level 5. HP: 32/45 MP: 4/4
  2798 | D:3      | Reached XP level 6. HP: 51/52 MP: 5/5
  2927 | D:3      | Found a snail-covered altar of Cheibriados.
  3362 | D:4      | Noticed Blork the orc
  3370 | D:4      | Killed Blork the orc
  3371 | D:4      | Reached skill level 6 in Long Blades
  3444 | D:4      | Noticed Robin
  3467 | D:4      | Killed Robin
  3572 | D:4      | Found Cifetox's Gadget Boutique.
  3854 | D:4      | Reached XP level 7. HP: 24/59 MP: 6/6
  4063 | D:4      | Noticed Pikel
  4115 | D:4      | Killed Pikel
  4116 | D:4      | Reached skill level 8 in Long Blades
  4116 | D:4      | Reached skill level 5 in Armour
  4491 | D:4      | Found a burning altar of Makhleb.
  4541 | D:5      | Entered Level 5 of the Dungeon
  4549 | D:5      | Reached skill level 5 in Fighting
  4549 | D:5      | Reached XP level 8. HP: 52/68 MP: 7/7
  4930 | D:5      | Found an ornate altar of the Wu Jian Council.
  5283 | D:5      | Reached skill level 9 in Long Blades
  6065 | D:6      | Reached skill level 5 in Dodging
  6199 | D:6      | Reached skill level 1 in Bows
  6329 | D:6      | Reached XP level 9. HP: 42/75 MP: 8/8
  6678 | D:6      | Found an opulent altar of Gozag.
  6746 | D:6      | Found a broken altar of Ashenzari.
  7015 | D:7      | Found a staircase to the Ecumenical Temple.
  7052 | Temple   | Entered the Ecumenical Temple
  7215 | Temple   | Became a worshipper of Warmaster Okawaru
  7319 | D:7      | Reached skill level 10 in Long Blades
  8088 | D:7      | Found a glowing golden altar of the Shining One.
  8088 | D:7      | Found a sparkling altar of Nemelex Xobeh.
  8239 | D:8      | Noticed a two-headed ogre
  8361 | D:8      | Found a runed translucent door.
  8363 | D:8      | Noticed coolplayer1's ghost (amateur TrBe)
  8385 | D:8      | Killed a two-headed ogre
  8385 | D:8      | Reached * piety under Okawaru
  8748 | D:8      | Reached skill level 11 in Long Blades
  8881 | D:8      | Reached ** piety under Okawaru
  8946 | D:8      | Reached skill level 1 in Invocations
  8946 | D:8      | Reached XP level 10. HP: 58/86 MP: 9/9
  9967 | D:8      | Reached skill level 5 in Bows
 10087 | D:9      | Found a staircase to the Lair.
 10192 | D:9      | Found a hazy altar of Hepliaklqana.
 10367 | D:9      | Noticed Erolcha
 10378 | D:9      | Killed Erolcha
 10730 | D:9      | Reached skill level 12 in Long Blades
 10939 | D:8      | Killed coolplayer1's ghost
 10992 | D:10     | Entered Level 10 of the Dungeon
 11011 | D:9      | Reached *** piety under Okawaru
 11609 | D:10     | Identified the amulet of Ephemeral Luck {Reflect SH+5 SInv}
 11862 | D:10     | Reached XP level 11. HP: 75/95 MP: 13/13
 12008 | D:10     | Found a runed translucent door.
 12024 | D:10     | Found a runed translucent door.
 12085 | D:10     | Found Uniweh Eri's General Store.
 12088 | D:10     | Bought a scroll of remove curse for 33 gold pieces
 12088 | D:10     | Bought an uncursed ring of protection from fire for 275
                  | gold pieces
 12088 | D:10     | Bought a potion of heal wounds for 55 gold pieces
 12272 | D:10     | Found a runed translucent door.
 12285 | D:10     | Found a runed translucent door.
 12337 | D:10     | Noticed an orange crystal statue
 12460 | D:11     | Received a gift from Okawaru
 12463 | D:11     | Noticed an unseen horror
 12482 | D:11     | Killed an unseen horror
 12482 | D:11     | Reached **** piety under Okawaru
 12581 | D:11     | Found a staircase to the Orcish Mines.
 12587 | D:11     | Noticed Sonja
 12614 | D:11     | Killed Sonja
 12903 | D:11     | Reached skill level 5 in Invocations
 13141 | D:12     | Reached skill level 1 in Shields
 13147 | D:12     | Noticed a cyan ugly thing
 13168 | D:12     | HP: 4/90 [cyan ugly thing (5)]
 13168 | D:12     | Mangled by a cyan ugly thing

Illustrated notes

Levels and vault maps discovered:
D:1:      wander_arrival_lonely_grave, layout_basic
D:2:      layout_loops_ring, general_overflow_altar, minmay_worlds_worst_comb
D:3:      layout_loops_ring, overflow_temple_1_default
D:4:      layout_basic, lightli_temple_of_fire, serial_shops, shop, uniq_pikel,
          uniq_robin, uniq_blork_the_orc
D:5:      layout_gridville, old_standard_altar, grunt_tough_drop
D:6:      minmay_cornered_nines, layout_rooms, grunt_gozag_statues,
          lemuel_doored_altar, dk_noncrumbling_3, chequers_arboretum
D:7:      layout_loops_ring, gammafunk_temple_overflow_elements,
          minmay_temple_entry_offerings
D:8:      layout_rooms, hellmonk_ghost_happy_afterlife, serial_co_window_serial,
          co_window_corner_a, co_window_corner_a, co_window_paths_a,
          co_window_corner_a, co_window_paths_b, co_window_2corner,
          co_window_2corner, co_window_2corner, co_window_4corner_b,
          glass_columns_a, glass_columns_b, glass_columns_b
D:9:      layout_cross, overflow_temple_1_default, due_lair_maze_entry_diamond,
          uniq_erolcha
D:10:     layout_rooms, serial_shops, kennysheep_mini_moat, grunt_decor_clamped,
          minmay_statue_crystal_thing
D:11:     layout_rooms, orc_0_dummy, uniq_sonja
D:12:     layout_cave_pods
Temple:   dshaligram_water_room_temple

Skill      XL: |  1  2  3  4  5  6  7  8  9 10 11 |
---------------+----------------------------------+-----
Long Blades    | 4 5 6 8 9 11 12 | 12.9
Dodging        | 4 5 6 |  6.9
Armour         | 1 2 3 5 6 7 8 |  8.7
Stealth        | 1 2 |  2.7
Fighting       | 3 4 5 6 7 8 9 |  9.4
Bows           | 2 4 5 |  5.7
Invocations    | 1 4 5 |  5.2
Shields        | 1 |  1.0
Throwing       | |  2.1

Action                   |  1- 3 |  4- 6 |  7- 9 | 10-12 || total
-------------------------+-------+-------+-------+-------++-------
Melee: Long sword        |    56 |   162 |   302 |    22 ||   542
       Headbutt          |    10 |    36 |    71 |    78 ||   195
       Scimitar          |       |       |       |   267 ||   267
 Fire: Shortbow          |       |       |    43 |    25 ||    68
Throw: Throwing net      |     1 |       |     1 |     1 ||     3
Invok: Heroism           |       |       |       |     1 ||     1
  Use: Scroll            |       |       |    14 |     3 ||    17
       Potion            |       |       |       |     2 ||     2
 Stab: Held in net/web   |     1 |       |     2 |       ||     3
       Distracted        |       |       |       |     1 ||     1
Armor: Leather armour    |    17 |       |       |       ||    17
       Ring mail         |     3 |    41 |    31 |       ||    75
       Scale mail        |       |       |    64 |    67 ||   131
       Troll leather arm |       |       |       |    30 ||    30
Dodge: Dodged            |    44 |    94 |   179 |   193 ||   510
Block: Other             |       |       |       |    27 ||    27
       Reflection        |       |       |       |     2 ||     2
       Rpst.: Long sword |    12 |    22 |    46 |     7 ||    87
       Scimitar          |       |       |       |    44 ||    44
